Map: Odyssey LE

Players

LiquidMaNa (MaNa)

  • Race: Protoss Protoss
  • League: Master
  • Spawn Location: 11:00

Bly - Winner!

  • Race: Zerg Zerg
  • League: Master
  • Spawn Location: 5:00

Event: HomeStory Cup XV

VOD

Have the link to the VOD?

Description

Time

  • Played on: July 22, 2017, 9:06 a.m.
  • Length: 13:11

All games in this series

Show
View Real Time Build Order
Export as new Build Order

LiquidMaNa Protoss 

Build Orders: 1 Gate Expand, Zealot Archon, Dark Templar Rush 

Get SALT Encoding   

  12  0:00  Probe (Chrono Boost)  
  13  0:11  Probe (Chrono Boost)  
  14  0:18  Pylon  
  14  0:22  Probe (Chrono Boost)  
  15  0:36  Probe (Chrono Boost)  
  15  0:42  Gateway  
  16  0:47  Probe (Chrono Boost)  
  17  0:50  Assimilator  
  17  0:57  Probe (Chrono Boost)  
  18  1:08  Probe (Chrono Boost)  
  20  1:18  Probe (Chrono Boost)  
  20  1:26  Nexus  
  20  1:34  Cybernetics Core  
  20  1:37  Probe (Chrono Boost)  
  21  1:42  Assimilator  
  21  1:47  Probe (Chrono Boost)  
  21  1:53  Pylon  
  22  1:58  Probe (Chrono Boost)  
  23  2:11  Probe (Chrono Boost), Stalker, Warp Gate  
  26  2:22  Probe (Chrono Boost)  
  27  2:27  Twilight Council  
  27  2:32  Probe (Chrono Boost)  
  28  2:38  Probe (Chrono Boost)  
  28  2:43  Probe (Chrono Boost)  
  29  2:49  Probe (Chrono Boost)  
  30  2:52  Robotics Facility  
  30  2:53  Probe (Chrono Boost)  
  30  2:56  Adept  
  30  2:58  Charge  
  33  2:59  Probe (Chrono Boost)  
  33  3:04  Probe (Chrono Boost)  
  35  3:10  Probe (Chrono Boost)  
  36  3:14  Probe (Chrono Boost)  
  37  3:22  Gateway  
  37  3:28  Gateway  
  37  3:32  Gateway  
  37  3:33  Probe (Chrono Boost)  
  38  3:34  Probe (Chrono Boost)  
  39  3:41  Warp Prism (Chrono Boost)  
  39  3:44  Probe  
  39  3:46  Probe  
  43  3:50  Pylon  
  43  3:56  Dark Shrine  
  43  3:57  Probe  
  43  3:59  Probe  
  45  4:04  Assimilator  
  45  4:09  Probe  
  46  4:12  Probe  
  46  4:13  Assimilator  
  47  4:20  Observer (Chrono Boost)  
  48  4:26  Zealot  
  48  4:27  Zealot x2  
  48  4:30  Pylon  
  54  4:34  Pylon  
  54  4:39  Pylon  
  54  4:49  Warp Prism (Chrono Boost)  
  54  4:50  Zealot x3  
  54  4:52  Zealot  
  64  4:54  Probe  
  64  4:55  Probe  
  66  5:11  Zealot x3  
  66  5:12  Zealot  
  74  5:19  Probe  
  69  5:28  Nexus  
  63  5:37  Dark Templar x2  
  63  5:38  Dark Templar  
  69  5:51  Immortal (Chrono Boost)  
  69  5:53  Mothership Core  
  69  5:54  Sentry  
  71  6:08  Probe  
  66  6:12  Dark Templar  
  66  6:14  Probe  
  66  6:17  Sentry x2  
  73  6:21  Robotics Facility  
  77  6:26  Pylon, Immortal (Chrono Boost)  
  77  6:31  Archon  
  77  6:32  Archon  
  77  6:33  Probe  
  77  6:37  Pylon  
  79  6:40  Probe  
  79  6:47  Zealot  
  79  6:48  Stalker  
  79  6:49  Stalker x2  
  87  7:02  Immortal (Chrono Boost)  
  87  7:04  Probe  
  87  7:05  Probe x2  
  94  7:14  Adept x3  
  100  7:17  Probe  
  100  7:18  Probe  
  100  7:19  Probe  
  102  7:28  Probe  
  103  7:31  Probe x2  
  103  7:32  Immortal (Chrono Boost)  
  109  7:52  Blink  
  109  7:53  Pylon  
  109  7:57  Pylon  
  109  7:58  Pylon  
  109  8:12  Immortal (Chrono Boost)  
  113  8:14  Stalker x2  
  113  8:16  Gateway  
  113  8:17  Stalker x2  
  125  8:20  Gateway, Immortal (Chrono Boost)  
  125  8:21  Probe  
  122  8:27  Forge  
  122  8:39  Dark Templar x2  
  126  8:53  Probe x2  
  128  8:56  Pylon  
  128  9:01  Gateway  
  128  9:04  Gateway  
  128  9:06  Gateway  
  122  9:22  Stalker x4  
  118  9:29  Warp Prism (Chrono Boost)  
  118  9:30  Immortal (Chrono Boost)  
  96  9:39  Assimilator  
  96  9:40  Assimilator  
  96  9:45  Stalker x4  
  94  9:46  Stalker x2  
  94  9:52  Photon Cannon  
  104  9:53  Photon Cannon  
  104  9:55  Photon Cannon  
  104  9:56  Photon Cannon  
  104  10:00  Stalker x2  
  104  10:01  Stalker  
  110  10:09  Stalker  
  110  10:10  Stalker  
  110  10:14  Archon  
  114  10:15  Dark Templar x2  
  114  10:19  Stalker  
  120  10:22  Archon  
  120  10:25  Sentry  
  120  10:26  Dark Templar  
  124  10:42  Stalker x3  
  126  10:44  Stalker  
  126  10:48  Dark Templar  
  130  10:50  Dark Templar  
  130  10:51  Zealot x2  
  130  10:55  Archon  
  136  11:05  Pylon  
  136  11:06  Pylon  
  136  11:08  Pylon  
  132  11:13  Warp Prism (Chrono Boost)  
  132  11:14  Zealot x3  
  140  11:26  Dark Templar x2  
  140  11:27  Dark Templar x2  
  140  11:31  Archon x2  
  148  11:50  Dark Templar x2  
  148  11:52  Nexus  
  152  11:54  Archon  
  152  11:56  Stalker x2  
  154  12:05  Dark Templar x2  
  150  12:10  Stalker x2, Archon  
  126  12:23  Zealot x3  
  128  12:32  Zealot x2  
  100  12:50  Dark Templar x2  
  76  13:00  Archon  
Show
View Real Time Build Order
Export as new Build Order

Bly Zerg - Winner!

Build Orders: Hatch First 

Get SALT Encoding   

  12  0:01  Drone  
  13  0:12  Overlord  
  13  0:16  Drone  
  14  0:32  Drone x2  
  17  0:35  Drone  
  17  0:54  Drone  
  18  1:10  Hatchery, Drone  
  18  1:13  Spawning Pool  
  18  1:16  Drone  
  18  1:22  Drone  
  19  1:27  Extractor  
  19  1:32  Drone  
  19  1:38  Drone  
  20  2:03  Queen  
  22  2:11  Extractor, Zergling x2  
  23  2:22  Queen  
  25  2:25  Drone x3  
  25  2:28  Hatchery  
  27  2:32  Metabolic Boost  
  27  2:39  Drone  
  28  2:51  Overlord  
  28  2:52  Overlord  
  28  3:00  Overlord  
  28  3:10  Drone x4  
  32  3:13  Queen  
  32  3:16  Drone x3  
  37  3:23  Overlord  
  37  3:26  Overlord  
  36  3:30  Overlord  
  36  3:33  Drone x3  
  39  3:38  Overlord  
  39  3:43  Roach Warren, Extractor  
  39  3:44  Queen  
  39  3:51  Drone  
  39  3:54  Lair  
  39  3:55  Drone x3  
  43  3:56  Drone  
  44  4:05  Drone  
  44  4:08  Drone x3  
  48  4:10  Spore Crawler, Drone  
  48  4:11  Drone  
  48  4:15  Overlord  
  49  4:18  Queen  
  49  4:20  Drone  
  52  4:24  Zergling x2  
  52  4:25  Zergling x6  
  52  4:27  Spore Crawler  
  52  4:29  Zergling x2  
  52  4:30  Zergling x4  
  58  4:33  Zergling x2  
  58  4:36  Queen  
  61  4:47  Zergling x2  
  61  4:48  Zergling x8  
  61  4:51  Roach  
  68  4:56  Overseer  
  68  4:58  Glial Reconstitution  
  68  5:00  Roach x6  
  79  5:07  Roach x2  
  80  5:17  Roach x2  
  80  5:20  Zergling x6  
  80  5:21  Zergling x4  
  73  5:28  Roach  
  73  5:29  Roach x2  
  73  5:35  Roach  
  77  5:36  Drone  
  77  5:37  Drone x6  
  82  5:47  Drone x2  
  82  5:50  Drone  
  82  5:56  Drone x2  
  85  6:01  Extractor  
  85  6:02  Extractor  
  79  6:08  Drone x3  
  77  6:13  Drone x2  
  77  6:15  Overseer  
  79  6:20  Overlord  
  79  6:24  Overlord  
  79  6:30  Overlord  
  79  6:38  Drone x7  
  86  6:48  Spire  
  85  6:56  Hatchery  
  85  7:00  Hatchery  
  81  7:12  Drone x3  
  81  7:13  Drone  
  84  7:21  Drone x5  
  85  7:28  Overlord  
  85  7:29  Hatchery  
  83  7:36  Overlord  
  83  7:40  Overlord  
  84  7:51  Drone x3  
  86  8:00  Extractor  
  86  8:02  Mutalisk x2  
  86  8:03  Extractor  
  88  8:07  Mutalisk  
  88  8:10  Mutalisk  
  88  8:11  Mutalisk x2  
  96  8:13  Mutalisk x4  
  104  8:20  Mutalisk  
  106  8:29  Zergling x2  
  106  8:31  Zergling x4  
  106  8:32  Zergling x2  
  110  8:35  Zergling x10  
  115  8:42  Zergling x14  
  115  8:46  Ravager x4  
  115  8:47  Overlord x2  
  126  9:07  Zergling x4  
  126  9:08  Overlord  
  118  9:22  Mutalisk x4  
  110  9:25  Zergling x12  
  110  9:26  Zergling x8  
  103  9:32  Mutalisk x2  
  106  9:41  Drone x4  
  110  9:52  Mutalisk x2, Zerg Flyer Weapons Level 1  
  110  9:54  Zergling x4  
  116  10:00  Mutalisk  
  116  10:06  Drone  
  116  10:07  Drone  
  120  10:09  Hatchery  
  120  10:11  Drone x2  
  121  10:15  Overlord  
  121  10:27  Overlord x4  
  121  10:28  Overlord x2  
  121  10:34  Hatchery  
  117  10:45  Mutalisk x4  
  117  10:47  Mutalisk  
  127  10:51  Roach x2  
  131  10:59  Roach  
  128  11:14  Roach x3  
  128  11:15  Roach x8  
  128  11:18  Ravager x2  
  152  11:25  Roach  
  152  11:26  Roach x3  
  158  11:33  Roach x3  
  158  11:37  Baneling Nest  
  163  11:43  Roach x2  
  163  11:44  Roach x2  
  163  11:45  Ravager x2  
  163  11:46  Ravager x2  
  175  11:52  Drone  
  175  11:53  Drone  
  177  12:05  Hatchery  
  172  12:09  Roach x8  
  172  12:10  Ravager x2  
  172  12:11  Overlord  
  176  12:34  Roach x5  
  176  12:35  Roach x9  
  179  12:40  Roach x3  
  171  12:51  Roach  
  171  12:52  Roach x6  
Tags
 
Add a new tag
Caveats
  • Supply blocks, unpowered buildings, or Contaminate may cause inaccurate times.
  • Supply counts are checked every 10 seconds.